 Dungeon Crawl Stone Soup version 0.30.1-4-g462c640d31 (webtiles) character file.

Game seed: 16243582430993105940

148 Fortress the Ducker (level 5, -3/43 HPs)
             Began as a Merfolk Monk on Aug 17, 2023.
             Slain by a mummy (11 damage)
             ... in an ossuary.
             The game lasted 00:07:51 (2512 turns).

Fortress the Ducker (Merfolk Monk)                  Turns: 2512, Time: 00:07:52

Health: -3/43      AC:  4    Str: 11    XL:     5   Next: 30%
Magic:  5/5        EV: 19    Int: 11    God:
Gold:   223        SH:  0    Dex: 17    Spells: 4/4 levels left

rFire   . . .        w - +2 dagger (drain)
rCold   + . .        d - orb {light}
rNeg    . . .        l - +1 leather armour of Instinct {Rampage rC+ Will+ Stlth-}
rPois   .            (no helmet)
rElec   .            f - scarf {shadows}
rCorr   .            (no gloves)
SInv    .            (no boots)
Will    +....        (no amulet)
Stlth   +            u - +5 ring of evasion
HPRegen 0.27/turn    q - ring of flight
MPRegen 0.09/turn

%: rampage
@: marked, flying, glowing
A: (nimble swimmer 2), mertail
a: no special abilities


You were in an ossuary.
You visited 1 branch of the dungeon, and saw 4 of its levels.
You also visited: Ossuary.

You collected 223 gold pieces.

Inventory:

Hand Weapons
 a - a +0 short sword
 w - a +2 dagger of draining (weapon)
Missiles
 m - 4 poisoned darts (quivered)
 v - a throwing net
Armour
 b - a +0 robe
 d - an orb of light (worn)
 f - a scarf of shadows (worn)
 l - the +1 leather armour of Instinct (worn) {Rampage rC+ Will+ Stlth-}
   (You found it on level 2 of the Dungeon)

   rC:        It protects you from cold.
   Rampage:   It bestows one free step when moving towards enemies.
   Will:      It increases your willpower.
   Stlth:     It makes you less stealthy.
Jewellery
 i - a ring of willpower
 q - a ring of flight (right hand)
 u - a +5 ring of evasion (left hand)
Scrolls
 g - 2 scrolls of poison {unknown}
 j - a scroll of teleportation {unknown}
 k - 3 scrolls of fear {unknown}
 n - a scroll of magic mapping {unknown}
 o - a scroll of brand weapon {unknown}
 p - a scroll of amnesia {unknown}
 x - a scroll of enchant armour {unknown}
 y - 2 scrolls of identify {unknown}
Potions
 c - a potion of ambrosia
 e - a potion of degeneration {unknown}
 h - a potion of mutation {unknown}
 r - a potion of heal wounds {unknown}
 s - a potion of might {unknown}
 t - a potion of resistance {unknown}


   Skills:
 + Level 4.4 Fighting
 + Level 5.1 Short Blades
 + Level 0.4 Armour
 + Level 5.1 Dodging
 + Level 0.8 Stealth


You had 4 spell levels left.
You didn't know any spells.
Your spell library contained the following spells:

 Spells                   Type           Power      Damage    Failure   Level
 Vhi's Electric Charge    Tloc/Air       0%         N/A       80%         3
 Arcjolt                  Conj/Air       0%         1d10      100%        5
 Plasma Beam              Fire/Air       0%         2x1d11    100%        6


Dungeon Overview and Level Annotations

Branches:
Dungeon (4/15)             Temple (0/1) D:4         Ossuary (1/1)

Altars:


Innate Abilities, Weirdness & Mutations

((You are very nimble when in or above water. (Stealth+, EV+, Speed+++)))
Your lower body shifts to a powerful aquatic tail in water.


Message History

The mummy is heavily damaged.
The rat zombie closely misses you.
You barely miss the mummy.
The mummy is heavily damaged.
The rat zombie closely misses you. The mummy closely misses you.
You hit the mummy.
The mummy is heavily damaged.
A kobold zombie comes into view.
You hit the mummy.
The mummy is severely damaged.
The rat zombie completely misses you. The mummy hits you!
You hit the mummy.
The mummy is severely damaged.
The mummy hits you.
You are too injured to fight recklessly!
You are too injured to fight recklessly!
You are too injured to fight recklessly!
You are too injured to fight recklessly!
You hit the mummy.
The mummy is almost destroyed.
The rat zombie misses you.
You hit the mummy.
The mummy is almost destroyed.
The mummy hits you!
* * * LOW HITPOINT WARNING * * *
The mummy closely misses you. The rat zombie closely misses you.
The goblin zombie barely misses you.
You hit the mummy but do no damage.
The mummy is almost destroyed.
You hit the mummy.
You destroy the mummy!
The rat zombie bites you but does no damage.
The mummy misses you.
The goblin zombie completely misses you.
You barely miss the kobold zombie. You hit the mummy.
The mummy is lightly damaged.
The rat zombie closely misses you. The goblin zombie closely misses you.
The kobold zombie closely misses you. The mummy hits you!
You die...

#...# #... #...#
##.... #...# ....
#...# #Z.# #...# #^.#
#...# #^.# #...#
...######Z.######...#
......@ZZZ..........#
.....ZMZ8..8........#
......ZZZ...........#
....................#
#####################


You could see a mummy, a rat zombie, 2 goblin zombies, 3 kobold zombies, an orc
zombie, an elf zombie and a human zombie.

Vanquished Creatures
  A mummy (Ossuary)
  5 adders
  3 worms
  A dart slug (D:1)
  3 orcs
  3 endoplasms
  2 giant cockroaches
  4 goblins
  5 hobgoblins
  5 jackals
  2 quokkas
  6 ball pythons
  3 bats
  5 frilled lizards
  A goblin zombie (Ossuary)
  6 hobgoblin zombies (Ossuary)
  7 kobolds
  11 kobold zombies (Ossuary)
  4 orc zombies (Ossuary)
  9 rats
86 creatures vanquished.

Notes
Turn   | Place    | Note
-------+----------+-------------------------------------------
     0 | D:1      | Fortress the Merfolk Monk began the quest for the Orb.
     0 | D:1      | Reached XP level 1. HP: 18/18 MP: 1/1
    81 | D:1      | Reached XP level 2. HP: 24/24 MP: 2/2
   459 | D:1      | Reached XP level 3. HP: 30/30 MP: 3/3
   651 | D:2      | Identified the +1 leather armour of Instinct {Rampage rC+
                  | Will+ Stlth-}
  1100 | D:2      | Reached XP level 4. HP: 28/37 MP: 4/4
  1621 | D:3      | Reached skill level 5 in Dodging
  2104 | D:4      | Found a staircase to the Ecumenical Temple.
  2280 | D:4      | Reached XP level 5. HP: 43/43 MP: 5/5
  2351 | D:4      | Found a sand-covered staircase.
  2394 | Ossuary  | Entered an ossuary
  2462 | Ossuary  | Reached skill level 5 in Short Blades
  2512 | Ossuary  | Slain by a mummy

Illustrated notes

Levels and vault maps discovered:
D:1:      dreamdust_arrival_beginning_and_end, layout_rooms,
          kennysheep_pointless_box
D:2:      layout_loops_ring, hex_large, kennysheep_generic_room_10
D:3:      minmay_wonky_spiral, layout_rooms, chequers_serial_rivers_micro_b
D:4:      layout_basic, minmay_temple_entry_sparse_star, enter_ossuary_3,
          serial_shops, shop
Ossuary:  ossuary_tomb_1

Skill      XL: |  1  2  3  4  5 |
---------------+----------------+-----
Short Blades   | 4 5 |  5.1
Fighting       | 4 |  4.4
Dodging        | 5 |  5.1
Armour         | |  0.4
Stealth        | |  0.8

Action                     |  1- 3 |  4- 6 || total
---------------------------+-------+-------++-------
  Melee: Short sword       |   127 |    82 ||   209
         Dagger            |       |    95 ||    95
 Armour: Robe              |     9 |       ||     9
         Leather armour    |    16 |    35 ||    51
  Dodge: Dodged            |    68 |   106 ||   174
